Map: 레드쉬프트 - 래더

Players

Bunny

  • Race: Terran Terran
  • League: Diamond
  • Spawn Location: 11:00

soO - Winner!

  • Race: Zerg Zerg
  • League: Master
  • Spawn Location: 7:00

Event: HomeStory Cup XVII

VOD

Have the link to the VOD?

Description

Time

  • Played on: June 30, 2018, 1:50 p.m.
  • Length: 7:09

All games in this series

Show
View Real Time Build Order
Export as new Build Order

Bunny Terran 

Build Orders: Reaper Expand, Hellion Banshee 

Get SALT Encoding   

  12  0:00  SCV  
  13  0:12  SCV  
  14  0:17  Supply Depot  
  14  0:24  SCV  
  15  0:39  SCV  
  15  0:40  Barracks  
  16  0:45  Refinery  
  16  0:51  SCV  
  17  1:03  SCV  
  18  1:15  SCV  
  19  1:27  Orbital Command, Reaper  
  20  1:40  Command Center  
  20  1:52  Supply Depot  
  20  1:53  SCV  
  21  1:59  Marine  
  22  2:05  SCV  
  23  2:08  Factory  
  23  2:12  Refinery  
  23  2:17  SCV  
  23  2:22  Barracks Reactor  
  24  2:29  SCV  
  25  2:42  SCV  
  26  2:52  Orbital Command  
  26  2:54  SCV  
  26  2:55  Starport  
  27  3:02  Hellion  
  27  3:03  Hellion  
  31  3:06  SCV  
  31  3:08  Barracks Tech Lab  
  32  3:16  Supply Depot  
  32  3:17  SCV  
  32  3:18  SCV  
  34  3:24  Hellion x2  
  38  3:29  SCV  
  38  3:30  SCV  
  40  3:39  Cloaking Field, Banshee  
  42  3:41  SCV  
  42  3:42  SCV  
  42  3:47  Supply Depot  
  44  3:52  Hellion x2  
  44  3:53  SCV  
  44  3:54  SCV  
  50  4:05  SCV  
  50  4:06  SCV  
  52  4:10  Command Center  
  52  4:11  Barracks Tech Lab  
  52  4:18  SCV x2  
  52  4:22  Banshee  
  57  4:30  SCV x2  
  59  4:34  Barracks  
  59  4:35  Stimpack  
  59  4:36  Barracks  
  59  4:42  SCV  
  59  4:43  SCV  
  59  4:44  Factory Reactor  
  62  4:48  Refinery  
  62  4:49  Refinery  
  61  4:54  Supply Depot  
  61  4:55  Supply Depot  
  61  5:00  SCV  
  62  5:13  Marine, SCV  
  61  5:14  Engineering Bay  
  61  5:15  Engineering Bay, Starport Reactor  
  61  5:18  SCV  
  62  5:25  Orbital Command, Marine x2, SCV  
  65  5:31  Marine x3, Siege Tank  
  70  5:42  Marine  
  70  5:43  Marine  
  70  5:48  Supply Depot, Marine  
  70  5:49  Supply Depot, Marine x2  
  71  6:00  Marine x2  
  66  6:06  Marine x2  
  66  6:07  Marine  
  59  6:18  Marine x2  
  43  6:24  Marine  
  29  6:29  Marine  
  23  6:33  Marine  
  20  6:40  Marine  
  14  6:47  Marine  
Show
View Real Time Build Order
Export as new Build Order

soO Zerg - Winner!

Build Orders: Hatch First 

Get SALT Encoding   

  12  0:00  Drone  
  13  0:12  Overlord  
  13  0:16  Drone  
  14  0:30  Drone x2  
  14  0:34  Drone  
  17  0:51  Hatchery  
  17  0:54  Drone  
  17  0:56  Drone  
  18  1:07  Extractor  
  18  1:11  Spawning Pool  
  16  1:13  Drone  
  16  1:17  Drone  
  18  1:28  Drone  
  19  1:38  Overlord  
  19  1:57  Queen  
  19  1:58  Zergling x2  
  19  2:00  Zergling x2  
  23  2:04  Queen, Zergling x2  
  26  2:08  Metabolic Boost  
  26  2:11  Drone  
  26  2:14  Drone  
  28  2:21  Drone  
  29  2:24  Drone  
  30  2:32  Overlord  
  30  2:33  Queen  
  30  2:36  Drone  
  33  2:46  Pneumatized Carapace  
  33  2:47  Drone  
  33  2:48  Drone  
  35  2:53  Drone  
  35  2:57  Drone  
  37  3:05  Drone x3  
  39  3:09  Drone  
  39  3:12  Overlord  
  41  3:13  Drone x2  
  41  3:17  Drone  
  44  3:28  Hatchery  
  44  3:31  Drone  
  44  3:32  Drone x2  
  46  3:37  Queen  
  48  3:44  Overlord  
  48  3:45  Lair  
  48  3:51  Drone x2  
  48  3:53  Drone, Extractor  
  50  3:58  Roach Warren, Extractor  
  50  4:02  Zergling x4  
  50  4:03  Overlord  
  50  4:05  Drone  
  50  4:09  Drone  
  53  4:10  Drone  
  53  4:12  Overlord  
  53  4:22  Overlord  
  53  4:23  Drone  
  54  4:37  Roach  
  54  4:38  Roach x4  
  64  4:41  Roach x2  
  68  4:47  Overseer  
  68  4:51  Spore Crawler, Roach  
  68  4:52  Roach  
  69  5:02  Drone x2  
  69  5:07  Drone  
  69  5:08  Drone  
  69  5:19  Zergling x16  
  76  5:30  Ravager x2  
  76  5:34  Ravager  
  76  5:35  Zergling x12, Ravager x2  
  86  5:37  Queen  
  86  5:39  Spore Crawler  
  86  5:42  Overlord  
  87  5:44  Overlord, Ravager  
  87  5:49  Overlord  
  79  6:06  Zergling x10  
  79  6:07  Zergling x4  
  56  6:23  Zergling x6  
  56  6:24  Roach  
  52  6:29  Zergling x2  
  48  6:34  Zergling x4  
  48  6:41  Zergling x4  
  48  6:45  Overseer, Drone  
  46  6:53  Drone x2  
Tags
 
Add a new tag
Caveats
  • Supply blocks, unpowered buildings, or Contaminate may cause inaccurate times.
  • Supply counts are checked every 10 seconds.